 Dungeon Crawl Stone Soup version 0.19-a0-1553-g64c24c3 (webtiles) character file.

35 4thArraOfDagon the Firebug (level 3, -2/19 HPs)
             Began as a Deep Elf Fire Elementalist on Sept 14, 2016.
             Slain by an orc
             ... wielding a +0 club
              (5 damage)
             ... on level 3 of the Dungeon.
             The game lasted 00:02:28 (497 turns).

4thArraOfDagon the Firebug (DEFE)                    Turns: 497, Time: 00:02:29

Health: -2/19      AC:  2    Str:  5    XL:     3   Next: 16%
Magic:  8/10       EV: 13    Int: 20    God:
Gold:   27         SH:  0    Dex: 15    Spells: 2 memorised, 5 levels left

rFire  . . .     SeeInvis .     j - +0 flail
rCold  . . .     Gourm    .     a - +0 robe
rNeg   . . .     Faith    .     (no shield)
rPois  .         Spirit   .     (no helmet)
rElec  .         Dismiss  .     (no cloak)
rCorr  .         Reflect  .     (no gloves)
MR     .....     Harm     .     (no boots)
Stlth  ++........               (no amulet)
                                (no ring)
                                (no ring)

@: no status effects
A: no striking features
a: no special abilities


You were on level 3 of the Dungeon.
You were not hungry.

You visited 1 branch of the dungeon, and saw 3 of its levels.

You collected 27 gold pieces.

Inventory:

Hand Weapons
 h - a +0 whip
 j - a +0 flail (weapon)
Missiles
 e - 6 curare-tipped needles
Armour
 a - a +0 robe (worn)
Scrolls
 d - 2 scrolls of teleportation {unknown}
 f - a scroll of random uselessness {unknown}
 k - 3 scrolls of recharging {unknown}
 n - a scroll of magic mapping {unknown}
Potions
 g - a potion of agility {unknown}
 l - a potion of invisibility {unknown}
 m - 2 potions of curing
Books
 b - a book of Flames

   Spells                             Type                      Level
   a - Flame Tongue                   Conjuration/Fire             1
   b - Throw Flame                    Conjuration/Fire             2
   c - Conjure Flame                  Conjuration/Fire             3
   d - Inner Flame                    Hexes/Fire                   3
   e - Sticky Flame                   Conjuration/Fire             4
   f - Fireball                       Conjuration/Fire             5
Comestibles
 c - 2 bread rations
 i - 2 meat rations


   Skills:
 - Level 2.4 Dodging
 - Level 2.4 Stealth
 + Level 3.5 Spellcasting
 * Level 2.5 Conjurations
 * Level 3.7 Fire Magic


You had 5 spell levels left.
You knew the following spells:

 Your Spells              Type           Power        Failure   Level  Hunger
a - Flame Tongue          Conj/Fire      ###..        3%          1    None
b - Conjure Flame         Conj/Fire      ###.....     12%         3    ###....


Dungeon Overview and Level Annotations

Branches:
Dungeon (3/15)

Altars:


Message History

Confirm with . or Enter, or press ? or * to list all spells.
Aiming: Flame Tongue
Press: ? - help, Shift-Dir - straight line, f - orc
Aim: an orc, wielding a club and wearing a chain mail The flame tongue misses the orc.
The orc closely misses you.
Casting: Flame Tongue
Confirm with . or Enter, or press ? or * to list all spells.
Aiming: Flame Tongue
Press: ? - help, Shift-Dir - straight line, f/p - orc
Aim: an orc, wielding a club and wearing a chain mail The flame tongue misses the orc.
The orc misses you.
You hit the orc.
The orc is almost dead.
The orc hits you with a club.
You closely miss the orc.
The orc is almost dead.
The orc hits you with a club.
* * * LOW HITPOINT WARNING * * *
The orc hits you with a club.
You die...

#.# #.# ..# ###
#.#. .. #.. #.#.
.. #.# #.#. .#
#.# #.#.#####.#
#.# #.#... ...#
###.#
#.##.###o.#
#....
#######.##..#.@#
###.#
.........#<#.#.#
#...#
#######..#.....#
#.#.# #........#
#.#.# ##......##
#.#.. ###..##.##
#.#.# ........#
#.#.# .###.##.#
###.#.# #.##.#
#...#.#


You could see an orc.

Vanquished Creatures
  An adder (D:2)
  A dart slug (D:3)
  A worm (D:3)
  2 orcs (D:3)
  3 bats (D:2)
  2 giant cockroaches
  A goblin (D:3)
  A hobgoblin (D:2)
  A quokka (D:3)
  5 frilled lizards
  3 rats
21 creatures vanquished.

Notes
Turn   | Place    | Note
-------+----------+-------------------------------------------
     0 | D:1      | 4thArraOfDagon the Deep Elf Fire Elementalist began the quest for the Orb.
     0 | D:1      | Reached XP level 1. HP: 10/10 MP: 6/6
   201 | D:2      | Reached XP level 2. HP: 15/15 MP: 6/8
   373 | D:3      | Reached XP level 3. HP: 16/19 MP: 5/9
   378 | D:3      | Learned a level 3 spell: Conjure Flame
   497 | D:3      | Slain by an orc

Vault maps used:
D:1:      dpeg_arrival_rooms_a
D:2:      zin_academy, led_sif_pool, uniq_sigmund, uniq_crazy_yiuf_cottage
D:3:      gup_sewer_entry_spiral

Skill      XL: |  1 |
---------------+----+-----
Conjurations   | 2 |  2.5
Dodging        | |  2.4
Stealth        | |  2.4
Spellcasting   | |  3.5
Fire Magic     | |  3.7

Action                   || total
-------------------------++-------
Melee: Whip              ||     8
       Flail             ||    14
 Cast: Flame Tongue      ||    29
  Use: Scroll            ||     1
       Potion            ||     1
Armor: Robe              ||    10
Dodge: Dodged            ||    34
